 Dungeon Crawl Stone Soup version 0.21-a0-630-g344d351 (webtiles) character file.

5 KristoblXynda the Charmwright (level 1, -6/10 HPs)
             Began as a Spriggan Skald on Dec 26, 2017.
             Mangled by a gnoll
             ... wielding a +0 whip
              (8 damage)
             ... on level 1 of the Dungeon.
             The game lasted 00:01:33 (364 turns).

KristoblXynda the Charmwright (Spriggan Skald)       Turns: 364, Time: 00:01:34

Health: -6/10      AC:  2    Str:  7    XL:     1   Next: 66%
Magic:  0/5        EV: 19    Int: 14    God:
Gold:   0          SH:  0    Dex: 15    Spells: 4/5 levels left

rFire    . . .     SeeInvis +   a - +1 short sword
rCold    . . .     Gourm    .   (shield restricted)
rNeg     . . .     Faith    .   b - +0 robe
rPois    .         Spirit   .   (helmet restricted)
rElec    .         Reflect  .   (no cloak)
rCorr    .         Harm     .   (gloves unavailable)
MR       .....                  (boots unavailable)
Stlth    +.........             (no amulet)
HPRegen  0.03/turn              (no ring)
MPRegen  0.09/turn              (no ring)

@: infused (expiring), very quick
A: very small, unfitting armour, see invisible, herbivore, speed 3, slow
metabolism 2
a: no special abilities


You were on level 1 of the Dungeon.
You were not hungry.

You visited 1 branch of the dungeon, and saw 1 of its levels.

Inventory:

Hand Weapons
 a - a +1 short sword (weapon)
Armour
 b - a +0 robe (worn)
Books
 c - a book of Battle

   Spells                             Type                      Level
   a - Infusion                       Charms                       1
   b - Shroud of Golubria             Charms/Translocation         2
   c - Song of Slaying                Charms                       2
   d - Spectral Weapon                Hexes/Charms                 3
   e - Regeneration                   Charms/Necromancy            3
Comestibles
 d - a ration


   Skills:
 - Level 1.5 Fighting
 + Level 2.3 Short Blades
 + Level 3.8 Dodging
 - Level 2.6 Spellcasting
 + Level 4.6 Charms


You had 4 spell levels left.
You knew the following spells:

 Your Spells              Type           Power        Failure   Level  Hunger
a - Infusion              Chrm           ##..         3%          1    #......


Dungeon Overview and Level Annotations

Branches:
Dungeon (1/15)

Altars:


Innate Abilities, Weirdness & Mutations

You are very small and have problems with some larger weapons.
You are too small for most types of armour.
You have supernaturally acute eyesight. (SInv)
You are a herbivore.
You cover ground extremely quickly.
You need consume almost no food.


Message History

You closely miss the giant cockroach.
The giant cockroach is almost dead.
The giant cockroach closely misses you.
You hit the giant cockroach!
You kill the giant cockroach!
The gnoll closely misses you.
You hit the rat.
You kill the rat!
The gnoll misses you.
The kobold throws a stone.
The stone completely misses you.
The stone closely misses the gnoll.
You closely miss the gnoll. The gnoll hits you but does no damage.
You hit the gnoll.
The gnoll is moderately wounded.
The gnoll barely misses you. The kobold closely misses you.
You hit the gnoll.
The gnoll is severely wounded.
Your magical infusion is running out.
The gnoll hits you with a whip!
Ouch! That really hurt!
You die...

.. #.# #.# #.#
##.. #.# #...
#(# ###...##
#.# #......#
#.# #......#
#.# #......##
#g# #.....(.#
#@# #.......##
#K# #........#
#.#
#......#r###.#
########((##.#
##s##.# #.##.#
#..#.# ##.#.#


You could see a gnoll and a kobold.

Vanquished Creatures
  A giant cockroach (D:1)
  2 hobgoblins (D:1)
  A bat (D:1)
  A rat (D:1)
5 creatures vanquished.

Notes
Turn   | Place    | Note
-------+----------+-------------------------------------------
     0 | D:1      | KristoblXynda the Spriggan Skald began the quest for the Orb.
     0 | D:1      | Reached XP level 1. HP: 10/10 MP: 5/5
   364 | D:1      | Mangled by a gnoll

Vault maps used:
D:1:      minmay_arrival_checkered_box

Action                   || total
-------------------------++-------
Melee: Short sword       ||    25
 Cast: Infusion          ||     3
  Use: Scroll            ||     1
Armor: Robe              ||     2
Dodge: Dodged            ||    29

Table legend:
 A = Spawn XP
 B = Non-spawn XP
 C = Spawn XP percentage of total XP
 D = Spawn monster count
 E = Non-spawn monster count
 F = Spawn count percentage of total count
 G = Total turns spent on level
                    A         B        C        D         E        F      G
               +---------+---------+-------+---------+---------+-------+---------
         Total |       0 |       8 |   0.0 |       0 |       5 |   0.0 |   364
               +---------+---------+-------+---------+---------+-------+---------
           D:1 |       0 |       8 |   0.0 |       0 |       5 |   0.0 |   364
               +---------+---------+-------+---------+---------+-------+---------
